 Dungeon Crawl Stone Soup version 0.19.5 (webtiles) character file.

88 Monsterracer the Chucker (level 4, -2/48 HPs)
             Began as an Ogre Hunter on July 26, 2017.
             Slain by Natasha (9 damage)
             ... on level 2 of the Dungeon.
             The game lasted 00:03:59 (2028 turns).

Monsterracer the Chucker (Ogre Hunter)              Turns: 2028, Time: 00:04:00

Health: -2/48      AC:  3    Str: 18    XL:     4   Next: 53%
Magic:  13/13      EV: 10    Int: 10    God:
Gold:   51         SH:  0    Dex: 10    Spells: 0 memorised, 3 levels left

rFire  . . .     SeeInvis .     i - +0 mace
rCold  . . .     Gourm    .     b - +0 robe
rNeg   . . .     Faith    .     (no shield)
rPois  .         Spirit   .     (helmet restricted)
rElec  .         Reflect  .     (no cloak)
rCorr  .         Harm     +     (gloves unavailable)
MR     .....                    (boots unavailable)
Stlth  +.........               a - amulet of harm
                                (no ring)
                                g - ring of magical power

@: slowed, very slow
A: unfitting armour, tough skin 1
a: no special abilities


You were on level 2 of the Dungeon.
You were hungry.

You visited 1 branch of the dungeon, and saw 2 of its levels.

You collected 51 gold pieces.

Inventory:

Hand Weapons
 i - a +0 mace (weapon)
Missiles
 c - 2 large rocks
 e - 67 stones (quivered)
Armour
 b - a +0 robe (worn)
Jewellery
 a - an amulet of harm (around neck)
 g - a ring of magical power (left hand)
Scrolls
 h - a scroll of enchant weapon {unknown}
 k - a scroll of teleportation {unknown}
 l - 2 scrolls of identify {unknown}
 m - a scroll of remove curse {unknown}
 n - a scroll of amnesia {unknown}
Potions
 o - a potion of invisibility {unknown}
Comestibles
 f - 2 bread rations
 j - a royal jelly


   Skills:
 + Level 3.8 Fighting
 * Level 3.6 Maces & Flails
 - Level 4.2 Throwing
 + Level 2.1 Dodging
 - Level 0.7 Stealth


You had 3 spell levels left.
You didn't know any spells.

Dungeon Overview and Level Annotations

Branches:
Dungeon (2/15)

Altars:

Annotations:
D:2 Natasha


Innate Abilities, Weirdness & Mutations

You are too large for most types of armour.
You have tough skin. (AC +1)


Message History

Press: ? - help, Shift-Dir - straight line, f/p - Natasha
Aim: Natasha You throw a throwing net.
The throwing net barely misses Natasha.
Natasha claws you!
* * * LOW HITPOINT WARNING * * *
Huge Dmg: -25%(-12hp) hp: 13%(6hp) Fire/throw which item? (* to show all) (? for menu, Esc to quit)
Press: ? - help, Shift-Dir - straight line, f/p - Natasha
Aim: Natasha You throw a throwing net.
The throwing net hits Natasha.
Natasha is caught in the net!
Natasha struggles against the net. x2
You hit Natasha but do no damage.
Natasha struggles against the net. x2
You sock Natasha!
Natasha is severely wounded.
Natasha struggles against the net.
The net rips apart, and Natasha comes free!
Natasha wildly gestures.
You feel disoriented. Natasha claws you!
You die...

#......[..# #.........#
##.........# #..........#
#..........# ########.
#.........## #........
.........## #.# ###.#...### #.#
###.#.....## ###@###...
.......##..###...h(((# ....
####...##.......##.#### ..... #
##..##.......##....# #.......
#####..##.......##....# #......##
................##....###.....#..
##########......###....##........
###....###....(....####.
##...#...(............


You could see Natasha.

Vanquished Creatures
  Natasha (D:2)
  An adder (D:2)
  An ooze (D:1)
  A worm (D:2)
  4 dart slugs
  2 leopard geckos
  7 bats
  A giant cockroach (D:2)
  6 goblins
  3 hobgoblins (D:1)
  2 jackals (D:1)
  2 kobolds (D:1)
  4 rats
35 creatures vanquished.

Notes
Turn   | Place    | Note
-------+----------+-------------------------------------------
     0 | D:1      | Monsterracer the Ogre Hunter began the quest for the Orb.
     0 | D:1      | Reached XP level 1. HP: 22/22 MP: 1/1
   201 | D:1      | Reached XP level 2. HP: 29/31 MP: 2/2
   361 | D:1      | Reached skill level 1 in Maces & Flails
   367 | D:1      | Reached XP level 3. HP: 6/37 MP: 3/3
  1740 | D:2      | Reached XP level 4. HP: 30/45 MP: 4/4
  1945 | D:2      | Noticed Natasha
  1957 | D:2      | Killed Natasha
  2022 | D:2      | Noticed Natasha
  2028 | D:2      | Slain by Natasha

Skill      XL: |  1  2  3 |
---------------+----------+-----
Fighting       | 3 |  3.8
Dodging        | 2 |  2.1
Maces & Flails | 1 3 |  3.6
Throwing       | |  4.2
Stealth        | |  0.7

Action                   |  1- 3 |  4- 6 || total
-------------------------+-------+-------++-------
Melee: Short sword       |    22 |       ||    22
       Club              |    55 |       ||    55
       Mace              |    46 |    13 ||    59
Throw: Stone             |    86 |    11 ||    97
       Throwing net      |       |     4 ||     4
       Large rock        |       |     3 ||     3
  Eat: Chunk             |     3 |       ||     3
Armor: Robe              |    62 |     2 ||    64
Dodge: Dodged            |    98 |     4 ||   102
